 Dungeon Crawl Stone Soup version 0.19-a0-414-g76fec5b (webtiles) character file.

4698 eljoo the Changer (level 10, 0/76 HPs)
             Began as a Vampire Transmuter on May 24, 2016.
             Was an Elder of Sif Muna.
             Slain by Snorg (10 damage)
             ... on level 10 of the Dungeon on May 31, 2016.
             The game lasted 02:14:43 (14830 turns).

eljoo the Changer (Vampire Transmuter)             Turns: 14830, Time: 02:14:44

Health: 0/76       AC: 12    Str:  9    XL:     10   Next: 21%
Magic:  1/19       EV: 12    Int: 18    God:    Sif Muna [****..]
Gold:   721        SH:  2    Dex: 16    Spells: 6 memorised, 0 levels left

rFire  + . .     SeeInvis +     y - +3 mace (curse)
rCold  . . .     Gourm    .     m - +3 leather armour {MR+}
rNeg   + . .     Faith    .     (no shield)
rPois  .         Spirit   .     C - +0 helmet
rElec  .         Dismiss  .     l - +0 cloak (curse)
rCorr  .         Reflect  +     u - +2 pair of gloves of the Swan {rF+ Regen+}
SustAt .         Harm     .     I - +0 pair of boots
MR     ++...                    v - +2 amulet of reflection
Stlth  ++++......               (no ring)
                                E - ring of wizardry

@: about to teleport, very resistant to hostile enchantments, stealthy
A: fangs 3, see invisible, unbreathing
a: Bat Form, Channel Energy, Forget Spell, Renounce Religion


You were on level 10 of the Dungeon.
You worshipped Sif Muna.
Sif Muna was greatly pleased with you.
You were not thirsty.

You visited 2 branches of the dungeon, and saw 11 of its levels.

You collected 721 gold pieces.

Inventory:

Hand Weapons
 f - a +0 club
 p - a +2 trident of protection
 w - a +0 rapier
 y - a cursed +3 mace (weapon)
Missiles
 a - 32 arrows (quivered)
 h - 8 tomahawks of returning
Armour
 d - a +2 robe of cold resistance
 l - a cursed +0 cloak (worn)
 m - a +3 leather armour of magic resistance (worn)
 u - the +2 pair of gloves of the Swan (worn) {rF+ Regen+}
   (You found it on level 4 of the Dungeon)

   It protects you from fire.
   It increases your rate of regeneration.
 C - a +0 helmet (worn)
 I - a +0 pair of boots (worn)
 M - a +0 pair of gloves
Jewellery
 v - a +2 amulet of reflection (around neck)
 E - a ring of wizardry (left hand)
 J - an uncursed amulet of dismissal
 U - an uncursed ring of ice
 V - an uncursed amulet of rage {unknown}
Wands
 H - a wand of slowing (24/48)
 Q - a wand of paralysis (8/24)
Scrolls
 j - 2 scrolls of identify
 n - 2 scrolls of immolation
 s - 2 scrolls of fear
 x - a scroll of enchant weapon
 A - 3 scrolls of teleportation
 B - 2 scrolls of recharging
 F - a scroll of vulnerability {unknown}
 G - 2 scrolls of blinking {unknown}
 L - a scroll of magic mapping {unknown}
 N - a scroll of summoning {unknown}
 P - a scroll of torment {unknown}
 S - 2 scrolls of amnesia
 T - a scroll of fog
Potions
 b - a potion of lignification
 e - a potion of brilliance {unknown}
 g - a potion of resistance {unknown}
 o - a potion of flight {unknown}
 q - 4 potions of agility
 r - a potion of mutation {unknown}
 t - 7 potions of curing
 D - a potion of magic {unknown}
 O - 4 potions of blood
 R - a potion of cure mutation {unknown}
Books
 c - a book of Changes

   Spells                             Type                      Level
   a - Beastly Appendage              Transmutation                1
   b - Sticks to Snakes               Transmutation                2
   c - Spider Form                    Transmutation/Poison         3
   d - Ice Form                       Ice/Transmutation            4
   e - Blade Hands                    Transmutation                5
 k - a book of Alchemy

   Spells                             Type                      Level
   a - Sublimation of Blood           Necromancy                   2
   b - Ignite Poison                  Fire/Transmutation/Poison    3
   c - Petrify                        Transmutation/Earth          4
   d - Alistair's Intoxication        Transmutation/Poison         5
   e - Irradiate                      Conjuration/Transmutation    5
 z - a book of Enchantments

   Spells                             Type                      Level
   a - Cause Fear                     Hexes                        4
   b - Yara's Violent Unravelling     Hexes/Transmutation          5
   c - Silence                        Hexes/Air                    5
   d - Deflect Missiles               Charms/Air                   6
   e - Haste                          Charms                       6
   f - Discord                        Hexes                        8
 K - a book of Burglary

   Spells                             Type                      Level
   a - Swiftness                      Charms/Air                   2
   b - Passwall                       Transmutation/Earth          2
   c - Passage of Golubria            Translocation                4
   d - Lee's Rapid Deconstruction     Earth                        5
   e - Darkness                       Hexes                        6
   f - Invisibility                   Hexes                        6


   Skills:
 - Level 6.0 Fighting
 - Level 2.1 Dodging
 + Level 6.9 Stealth
 - Level 4.2 Unarmed Combat
 + Level 6.2 Spellcasting
 - Level 4.2 Hexes
 - Level 7.2 Transmutations
 + Level 6.3 Earth Magic
 * Level 4.0 Poison Magic


You couldn't memorise any spells.
You knew the following spells:

 Your Spells              Type           Power        Failure   Level  Hunger
a - Lee's Rapid Deconstr  Erth           ####......   16%         5    #####..
b - Sticks to Snakes      Tmut           ####....     1%          2    None
c - Petrify               Tmut/Erth      ####....     4%          4    ####...
d - Ignite Poison         Fire/Tmut/Pois ###.....     4%          3    ##.....
e - Cause Fear            Hex            ###.......   14%         4    ####...
f - Spider Form           Tmut/Pois      ####......   2%          3    ##.....


Dungeon Overview and Level Annotations

Branches:
Dungeon (10/15)            Temple (1/1) D:6
   Lair: D:8-11         Orc: D:9-12

Altars:
Cheibriados
Dithmenos
Elyvilon
Fedhas
Gozag
Hepliaklqana
Kikubaaqudgha
Makhleb
Nemelex Xobeh
Okawaru
Pakellas
Qazlal
Sif Muna
Uskayaw
Vehumet
Xom
Yredelemnul
Zin
The Shining One

Shops:
D:4 (

Annotations:
D:8 Erolcha
D:10 Snorg


Innate Abilities, Weirdness & Mutations

You have razor-sharp teeth.
You have supernaturally acute eyesight. (SInv)
You can survive without breathing.


Message History

Aim: Snorg (lightly wounded, berserk, fast, unusually strong, chance to defeat MR: 25%) Snorg resists with almost no effort.
Snorg misses you. Snorg barely misses you. Snorg claws you! Snorg bites you!
Snorg barely misses you. Snorg completely misses you.
Your adder misses Snorg.
You feel much better. Snorg bites you! Snorg claws you but does no damage.
Snorg claws you!
Your ball python bites Snorg.
Your adder bites Snorg.
Snorg barely misses you. Snorg claws you! x2
* * * LOW HITPOINT WARNING * * *
Casting: Petrify
Confirm with . or Enter, or press ? or * to list all spells.
Okay, then.
Okay, then.
Okay, then.
As you read the scroll of teleportation, it crumbles to dust.
You feel strangely unstable.
Your ball python bites Snorg.
Your adder bites Snorg.
Snorg bites you!
* * * LOW HITPOINT WARNING * * *
Snorg claws you!
You die...

####.# ##... #....#
##.... ######'#######
##.....
#....."......###......
#............##.......
#...<........#........
#............#.......#
#............#......#♣
#....@.......'..#####
#...ST.......'..#####
#..SS........#......#♣
###'##########.......#
#<..S.S..# #........
########'# ##.......
..S. ##...... .....#
##..... ......# ##....


You could see Snorg (berserk), a friendly adder and 2 friendly ball pythons.

Vanquished Creatures
  Sigmund (D:3)
  A wyvern (D:10)
  A water moccasin (D:7)
  4 orc warriors
  3 ice beasts
  A sky beast (D:7)
  A wasp (D:9)
  2 phantoms
  4 ogres
  2 centaurs
  A big kobold (D:9)
  4 giant frogs
  Dowan (D:4)
  2 scorpions
  3 wights (D:4)
  2 crimson imps
  3 howler monkeys
  A quasit (D:10)
  A centaur zombie (D:5)
  A giant frog zombie (D:7)
  6 hounds
  4 jellies
  A gnoll shaman (D:4)
  5 orc priests
  An orc wizard (D:9)
  4 iguanas
  2 worker ants (D:7)
  A hound zombie (D:7)
  A hound skeleton (D:4)
  3 gnolls (D:4)
  14 adders
  3 shadow imps
  5 oozes
  3 adder skeletons
  A worm (D:3)
  A dart slug (D:2)
  4 giant geckos
  19 orcs
  5 giant cockroaches
  11 goblins
  7 hobgoblins
  7 jackals
  12 kobolds
  2 quokkas
  7 bats
  6 giant newts
  2 quokka skeletons
  5 rats
181 creatures vanquished.

Vanquished Creatures (collateral kills)
  The ghost of esc the Magician, a novice DEFE (D:6)
  Grinder (D:3)
  Duvessa (D:4)
  An ice beast (D:5)
  An orc warrior (D:6)
  5 ogres
  Blork the orc (D:5)
  A giant frog (D:6)
  2 scorpions
  A crimson imp (D:5)
  2 giant frog skeletons
  2 orc priests (D:3)
  An iguana (D:4)
  A gnoll shaman (D:4)
  Ijyb (D:2)
  3 worker ants
  A howler monkey zombie (D:4)
  Robin (D:3)
  10 gnolls
  2 oozes
  An adder skeleton (D:4)
  7 orcs
  A bat (D:2)
  A hobgoblin (D:3)
  A jackal (D:2)
  A kobold (D:2)
  2 goblins (D:3)
  A rat (D:3)
54 creatures vanquished.

Vanquished Creatures (others)
  4 fungi (D:8)
  A plant (D:8)
5 creatures vanquished.

Grand Total: 240 creatures vanquished

Notes
Turn   | Place    | Note
--------------------------------------------------------------
     0 | D:1      | eljoo the Vampire Transmuter began the quest for the Orb.
     0 | D:1      | Reached XP level 1. HP: 14/14 MP: 3/3
    50 | D:1      | Reached skill level 1 in Stealth
   125 | D:1      | Reached XP level 2. HP: 15/20 MP: 5/5
   395 | D:1      | Reached skill level 1 in Fighting
   763 | D:2      | Reached XP level 3. HP: 12/26 MP: 4/6
   871 | D:2      | Learned a level 2 spell: Sticks to Snakes
   895 | D:2      | Found an opulent altar of Gozag.
   896 | D:2      | Found a glowing silver altar of Zin.
   989 | D:2      | Noticed Ijyb
  1044 | D:2      | Killed Ijyb
  1044 | D:2      | Reached skill level 3 in Transmutations
  1143 | D:2      | Reached XP level 4. HP: 31/32 MP: 7/7
  1197 | D:2      | Found a sparkling altar of Nemelex Xobeh.
  1197 | D:2      | Found a deep blue altar of Sif Muna.
  1267 | D:2      | Found an opulent altar of Gozag.
  1855 | D:3      | Noticed Robin
  1922 | D:2      | Became a worshipper of Sif Muna the Loreminder
  2128 | D:3      | Killed Robin
  2138 | D:3      | Reached XP level 5. HP: 26/37 MP: 1/8
  2202 | D:3      | Noticed Sigmund
  3043 | D:3      | Noticed Grinder
  3101 | D:4      | Reached skill level 5 in Stealth
  3157 | D:4      | Noticed an ogre
  3281 | D:4      | Found an iron altar of Okawaru.
  3281 | D:4      | Noticed an ogre
  3940 | D:4      | Killed an ogre
  3940 | D:4      | Reached XP level 6. HP: 44/44 MP: 6/10
  3979 | D:4      | Learned a level 4 spell: Petrify
  4026 | D:4      | Noticed Dowan
  4076 | D:4      | Killed Dowan
  4140 | D:4      | Found Wowo's Weapon Shoppe.
  4160 | D:4      | Got a pair of crude gloves
  4171 | D:4      | Identified the +2 pair of gloves of the Swan {rF+ Regen+} (You found it on level 4 of the Dungeon)
  4395 | D:4      | Noticed Duvessa
  4436 | D:4      | Killed Duvessa
  4436 | D:4      | Reached skill level 1 in Earth Magic
  4631 | D:4      | Reached skill level 4 in Transmutations
  4911 | D:4      | Reached XP level 7. HP: 50/50 MP: 7/11
  5394 | D:5      | Entered Level 5 of the Dungeon
  5394 | D:5      | Noticed Blork the orc
  5687 | D:5      | Reached * piety under Sif Muna
  5745 | D:5      | Found a glowing golden altar of the Shining One.
  5922 | D:5      | Killed Blork the orc
  6555 | D:5      | Reached skill level 5 in Transmutations
  7012 | D:6      | Found a hide-covered altar to Ukayaw.
  7044 | D:6      | Reached XP level 8. HP: 55/57 MP: 2/14
  7212 | D:3      | Found a shimmering altar of Xom.
  7212 | D:3      | Found a shimmering altar of Xom.
  7311 | D:3      | Found a shimmering altar of Xom.
  7312 | D:3      | Found a shimmering altar of Xom.
  7312 | D:3      | Found a shimmering altar of Xom.
  7312 | D:3      | Found a shimmering altar of Xom.
  7427 | D:3      | Killed Sigmund
  7493 | D:2      | Learned a level 3 spell: Ignite Poison
  7498 | D:2      | Learned a level 4 spell: Cause Fear
  7498 | D:2      | Upgraded the game from 0.19-a0-231-gae044c8 to 0.19-a0-262-g5df7875
  7840 | D:2      | Upgraded the game from 0.19-a0-262-g5df7875 to 0.19-a0-277-g85cb9a5
  8086 | D:3      | Killed Grinder
  8086 | D:3      | Reached ** piety under Sif Muna
  8319 | D:6      | Found a shimmering altar of Xom.
  8441 | D:6      | Reached skill level 5 in Earth Magic
  8551 | D:6      | Found a white marble altar of Elyvilon.
  8746 | D:6      | Found a staircase to the Ecumenical Temple.
  8750 | D:6      | Noticed esc's ghost (novice DEFE)
  8780 | D:6      | Killed esc's ghost
  8780 | D:6      | Reached skill level 6 in Transmutations
  9286 | D:7      | Reached XP level 9. HP: 62/65 MP: 16/16
  9328 | D:7      | Reached skill level 5 in Spellcasting
  9358 | D:7      | Found an ancient bone altar of Kikubaaqudgha.
  9361 | D:7      | Found an oddly glowing altar of Pakellas.
  9445 | D:6      | Upgraded the game from 0.19-a0-277-g85cb9a5 to 0.19-a0-291-ga637243
  9940 | D:6      | Upgraded the game from 0.19-a0-291-ga637243 to 0.19-a0-414-g76fec5b
 10084 | D:6      | Reached *** piety under Sif Muna
 10084 | D:6      | Reached skill level 1 in Hexes
 11236 | D:7      | Reached skill level 7 in Transmutations
 11648 | D:8      | Found a blossoming altar of Fedhas.
 11805 | D:8      | Reached skill level 5 in Fighting
 11811 | D:8      | Learned a level 3 spell: Spider Form
 11911 | D:8      | Noticed an elephant
 12063 | D:8      | Reached skill level 1 in Poison Magic
 12257 | Temple   | Entered the Ecumenical Temple
 12642 | D:8      | Noticed Erolcha
 12729 | D:8      | Noticed a death yak
 12985 | D:8      | Reached **** piety under Sif Muna
 13588 | D:9      | Reached XP level 10. HP: 71/74 MP: 19/19
 14119 | D:9      | Found a burning altar of Makhleb.
 14451 | D:10     | Entered Level 10 of the Dungeon
 14681 | D:10     | Learned a level 5 spell: Lee's Rapid Deconstruction
 14807 | D:10     | Noticed Snorg
 14830 | D:10     | Slain by Snorg

Vault maps used:
D:1:      saegor_arrival_simple_c
D:2:      grunt_temple_overflow_gold_and_silver, nicolae_overflow_hidden_temple,
          first_bread, grunt_gozag_statues, uniq_iyjb
D:3:      xom_redecorated, uniq_sigmund, uniq_grinder, uniq_robin
D:4:      okawaru_metal_pillars_1_2, portal_sewer_entry_d, serial_shops, shop,
          uniq_duvessa
D:5:      tso_oasis_becter, serial_bayou_crossing, uniq_blork_the_orc
D:6:      nicolae_overflow_crystal_walls, kennysheep_little_box,
          minmay_temple_entry_from_below_a, basic_altar, minmay_misc_feat_rugged
D:7:      grunt_temple_overflow_open, grunt_ministairs_7
D:8:      nicolae_ru_path_of_blood, lemuel_coloured_pillars_altar,
          evilmike_ruin_ashenzari, david_lair_generic,
          hangedman_little_slice_of_home, fedhas_altar_3, uniq_erolcha
D:9:      old_standard_altar, minivault_5
D:10:     minmay_misc_feat_x, kennysheep_cross_room, uniq_snorg
Temple:   nicolae_temple_figure_zero

Skill      XL: |  1  2  3  4  5  6  7  8  9 10 |
---------------+-------------------------------+-----
Stealth        | 1 3 4 5 6 |  6.9
Fighting       | 1 2 4 5 6 |  6.0
Transmutations | 3 4 5 6 7 |  7.2
Unarmed Combat | 4 |  4.2
Spellcasting   | 3 4 6 |  6.2
Earth Magic    | 1 3 5 6 |  6.3
Hexes          | 4 |  4.2
Poison Magic   | 2 4 |  4.0
Dodging        | |  2.1

Action                   |  1- 3 |  4- 6 |  7- 9 | 10-12 || total
-------------------------+-------+-------+-------+-------++-------
Melee: Club              |     6 |       |       |       ||     6
       Unarmed           |   104 |   156 |    54 |    45 ||   359
       Bite              |    10 |     8 |    69 |     4 ||    91
       Kick              |     4 |     7 |    51 |       ||    62
       Headbutt          |       |     3 |       |       ||     3
       Punch             |       |     3 |     3 |       ||     6
       Mace              |       |       |   512 |    32 ||   544
 Cast: Beastly Appendage |     5 |    14 |    36 |       ||    55
       Sticks to Snakes  |     3 |    82 |   107 |     5 ||   197
       Petrify           |       |       |    18 |     2 ||    20
       Ignite Poison     |       |       |     5 |     7 ||    12
       Spider Form       |       |       |     4 |     8 ||    12
       Cause Fear        |       |       |     1 |       ||     1
Invok: Forget Spell      |       |       |       |     1 ||     1
  Use: Potion            |    12 |    25 |    47 |     9 ||    93
       Scroll            |     2 |     5 |     6 |     2 ||    15
 Stab: Sleeping          |     3 |     7 |    10 |     3 ||    23
       Distracted        |     1 |     1 |     5 |       ||     7
       Petrified         |       |       |     5 |       ||     5
       Petrifying        |       |       |     2 |       ||     2
Armor: Robe              |    14 |       |       |       ||    14
       Leather armour    |       |    59 |   282 |    16 ||   357
       Skin              |       |       |       |     3 ||     3
Dodge: Dodged            |    68 |   144 |   450 |    99 ||   761
Block: Other             |       |       |    42 |     3 ||    45
       Reflection        |       |       |     1 |     1 ||     2
